Map: Dédale EC

Players

zuka - Winner!

  • Race: Protoss Protoss
  • League: Master
  • Spawn Location: 7:00

Mirzo

  • Race: Zerg Zerg
  • League: Master
  • Spawn Location: 1:00

VOD

Have the link to the VOD?

Description

Time

  • Played on: June 1, 2018, 1:05 p.m.
  • Length: 6:40
Show
View Real Time Build Order
Export as new Build Order

zuka Protoss - Winner!

Build Orders: 1 Gate Expand 

Get SALT Encoding   

  12  0:01  Probe  
  13  0:13  Probe  
  14  0:19  Pylon  
  14  0:21  Probe  
  15  0:33  Probe  
  15  0:41  Gateway  
  16  0:44  Probe  
  16  0:48  Assimilator  
  17  0:55  Probe  
  18  1:04  Pylon, Probe  
  19  1:12  Probe  
  20  1:27  Nexus  
  20  1:37  Cybernetics Core  
  20  1:39  Probe  
  21  1:44  Assimilator  
  21  1:51  Probe  
  22  1:55  Pylon  
  22  2:01  Probe  
  23  2:09  Probe  
  23  2:13  Adept  
  23  2:15  Warp Gate  
  26  2:17  Probe  
  27  2:26  Twilight Council  
  28  2:30  Probe  
  28  2:40  Probe  
  28  2:41  Sentry  
  28  2:42  Probe  
  32  2:52  Probe  
  32  2:54  Probe  
  34  2:58  Robotics Facility  
  34  3:03  Gateway  
  34  3:08  Adept  
  34  3:10  Probe  
  34  3:11  Probe  
  38  3:21  Resonating Glaives  
  38  3:22  Probe  
  38  3:26  Gateway  
  39  3:28  Probe  
  39  3:32  Probe  
  40  3:34  Gateway  
  40  3:36  Probe  
  40  3:37  Warp Prism  
  40  3:40  Probe  
  45  3:51  Pylon  
  45  4:05  Gateway  
  45  4:06  Pylon  
  45  4:18  Sentry, Immortal  
  45  4:19  Sentry  
  53  4:36  Gateway x2  
  53  4:43  Gateway, Adept x2  
  53  4:45  Gateway, Immortal  
  57  4:47  Pylon  
  61  5:01  Pylon  
  61  5:08  Adept x3  
  61  5:12  Adept  
  69  5:20  Pylon  
  69  5:33  Adept x2  
  69  5:34  Adept x2, Pylon  
  77  5:41  Adept x2  
  81  5:45  Adept  
  83  6:04  Adept x2  
  83  6:05  Adept x3  
  93  6:14  Pylon  
  93  6:16  Pylon  
  89  6:26  Adept x2  
  89  6:31  Adept  
Show
View Real Time Build Order
Export as new Build Order

Mirzo Zerg 

Build Orders: Hatch First 

Get SALT Encoding   

  12  0:00  Drone  
  13  0:12  Overlord  
  13  0:17  Drone  
  14  0:31  Drone x2  
  14  0:35  Drone  
  17  0:52  Hatchery  
  17  0:54  Drone  
  17  0:57  Drone  
  18  1:08  Extractor  
  17  1:13  Spawning Pool  
  16  1:22  Drone x2  
  18  1:35  Drone  
  19  1:44  Overlord  
  19  1:54  Drone  
  20  1:59  Queen  
  22  2:02  Zergling x2  
  22  2:04  Queen  
  22  2:05  Zergling x2  
  26  2:10  Metabolic Boost  
  26  2:13  Drone  
  27  2:16  Drone  
  27  2:22  Drone  
  29  2:27  Drone  
  30  2:39  Hatchery  
  30  2:43  Drone x2  
  31  2:49  Queen  
  33  2:55  Overlord  
  33  2:57  Drone  
  34  3:01  Drone x2  
  36  3:18  Overlord  
  36  3:19  Drone x4  
  40  3:24  Overlord  
  40  3:25  Queen  
  42  3:30  Drone  
  42  3:33  Drone  
  44  3:45  Drone x2  
  46  3:53  Drone x3  
  46  3:55  Lair  
  49  4:03  Extractor x2  
  49  4:06  Overlord  
  49  4:07  Drone x6, Roach Warren  
  49  4:08  Drone  
  52  4:23  Overlord x2  
  52  4:25  Spore Crawler, Queen  
  52  4:38  Zergling x2  
  52  4:39  Zergling x6  
  56  4:46  Roach  
  56  4:47  Roach x7  
  70  5:08  Drone x8  
  78  5:17  Evolution Chamber, Hydralisk Den  
  78  5:18  Extractor  
  75  5:37  Drone x6  
  75  5:41  Overlord x2  
  81  5:55  Overlord x3  
  81  6:00  Hydralisk x5  
  91  6:08  Hydralisk x2  
  91  6:11  Roach  
  85  6:12  Roach  
  85  6:14  Zergling x4  
Tags
 
Add a new tag
Caveats
  • Supply blocks, unpowered buildings, or Contaminate may cause inaccurate times.
  • Supply counts are checked every 10 seconds.